 Dungeon Crawl Stone Soup version 0.31-a0-229-g1fc7ce93e2 (webtiles) character file.

Game seed: 11987795703408741642

113 qw the Shooter (level 4, -2/36 HPs)
             Began as a Minotaur Hexslinger on July 6, 2023.
             Slain by a gnoll
             ... wielding a +4 heavy spear
              (4 damage)
             ... on level 3 of the Dungeon.
             The game lasted 00:00:49 (2356 turns).

qw the Shooter (Minotaur Hexslinger)                Turns: 2356, Time: 00:00:50

Health: -2/36      AC:  5    Str: 13    XL:     4   Next: 65%
Magic:  4/4        EV: 11    Int: 10    God:
Gold:   175        SH:  0    Dex: 14    Spells: 4/5 levels left

rFire   . . .        Y - +2 sling
rCold   . . .        (no shield)
rNeg    . . .        h - +0 ring mail
rPois   .            (helmet restricted)
rElec   .            (no cloak)
rCorr   .            (no gloves)
SInv    .            (no boots)
Will    .....        (no amulet)
Stlth   +            (no ring)
HPRegen 0.26/turn    (no ring)
MPRegen 0.09/turn

%: no passive effects
@: no status effects
A: horns 2, retaliatory headbutt
a: no special abilities


You were on level 3 of the Dungeon.
You visited 1 branch of the dungeon, and saw 3 of its levels.

You collected 175 gold pieces.


Innate Abilities, Weirdness & Mutations

You have a pair of horns on your head.
You reflexively headbutt those who attack you in melee.


   Skills:
 - Level 2.0 Fighting
 + Level 4.9 Ranged Weapons
 - Level 1.5 Armour
 - Level 2.1 Dodging
 - Level 1.0 Spellcasting
 - Level 2.0 Hexes


You had 4 spell levels left.
You knew the following spells:

 Your Spells              Type           Power      Damage    Failure   Level
a - Slow                  Hex            16%        N/A       32%         1

Your spell library contained the following spells:

 Spells                   Type           Power      Damage    Failure   Level
 Inner Flame              Hex/Fire       2%         N/A       82%         3
 Portal Projectile        Hex/Tloc       4%         N/A       82%         3
 Cause Fear               Hex            2%         N/A       97%         4

Inventory:

Hand Weapons
 Y - a +2 sling (weapon)
Armour
 h - a +0 ring mail (worn)
Potions
 d - 2 potions of curing {unknown}
 e - a potion of cancellation {unknown}
 f - a potion of magic {unknown}
 g - a potion of attraction {unknown}
 i - a potion of might {unknown}
 j - a potion of degeneration {unknown}
 k - a potion of heal wounds {unknown}
 m - a potion of enlightenment {unknown}

Dungeon Overview and Level Annotations

Branches:
Dungeon (3/15)

Altars:
Ashenzari

Shops:
D:2 [


Message History

You shoot a sling bullet. The gnoll shouts!
The sling bullet hits the gnoll.
The gnoll is moderately wounded.
You shoot a sling bullet. The sling bullet hits the gnoll.
The gnoll is heavily wounded.
A gnoll comes into view. It is wielding a +0 spear.
You shoot a sling bullet.
The sling bullet barely misses the gnoll.
The sling bullet closely misses the gnoll.
The gnoll shouts!
You shoot a sling bullet.
The sling bullet barely misses the gnoll.
The sling bullet hits the gnoll.
The gnoll is moderately wounded.
The gnoll hits you from afar with a +0 halberd!
You shoot a sling bullet.
The sling bullet barely misses the gnoll.
The sling bullet hits the gnoll.
The gnoll is moderately wounded.
The gnoll hits you from afar with a +0 halberd!
The gnoll hits you from afar with a +4 heavy spear!
You shoot a sling bullet.
The sling bullet barely misses the gnoll.
The sling bullet closely misses the gnoll.
The gnoll barely misses you.
The gnoll hits you from afar with a +4 heavy spear.
You shoot a sling bullet. The sling bullet hits the gnoll.
The gnoll is heavily wounded.
The gnoll hits you from afar with a +0 halberd.
The gnoll barely misses you. x2
You shoot a sling bullet. The sling bullet hits the gnoll.
The gnoll is almost dead.
The gnoll hits you from afar with a +0 halberd.
You shoot a sling bullet.
The sling bullet barely misses the gnoll.
The sling bullet hits the gnoll.
The gnoll is heavily wounded.
The gnoll hits you from afar with a +4 heavy spear.
You die...

#.......#.#.#.#####
#...##.#...........
.......##........#####
.####..#####..........
###..# #####.#####
..gg# #.# ..#####gg#
#.#
.........#########.#
.......@...........#
.#.......#########.#
#.......# #.#
#.......# #%##
........(# #######..#
.#.......# .........#
##.....## ########.#
#...#.# #.# #.....
#######.##


You could see 4 gnolls.

Vanquished Creatures
  4 adders
  4 worms
  2 dart slugs (D:1)
  An orc (D:3)
  6 ball pythons
  4 endoplasms
  3 giant cockroaches
  9 goblins
  4 hobgoblins
  2 quokkas (D:2)
  6 bats
  6 frilled lizards
  6 kobolds
  5 rats
62 creatures vanquished.

Notes
Turn   | Place    | Note
-------+----------+-------------------------------------------
     0 | D:1      | qw the Minotaur Hexslinger began the quest for the Orb.
     0 | D:1      | Reached XP level 1. HP: 16/16 MP: 1/1
     0 | D:1      | 0 ||| qw: Version: 0.3-a-46-gb1f654a
     0 | D:1      | 0 ||| qw: Game counter: 1441
     0 | D:1      | 0 ||| qw: Melee chars always use a shield: true
     0 | D:1      | 0 ||| qw: God list: Okawaru
     0 | D:1      | 0 ||| qw: Allow faded altars: false
     0 | D:1      | 0 ||| qw: Do Orc after clearing Dungeon:15 true
     0 | D:1      | 0 ||| qw: Do second Lair branch before Depths: true
     0 | D:1      | 0 ||| qw: Lair rune preference: random
     0 | D:1      | 0 ||| qw: Goals: Normal
     0 | D:1      | 0 ||| PLANNING D:1-11
   147 | D:1      | Reached skill level 3 in Ranged Weapons
   147 | D:1      | Reached XP level 2. HP: 23/23 MP: 2/2
   383 | D:1      | 383 ||| READING scroll labelled JUONIXI NANLE.
   384 | D:1      | 384 ||| READING scroll labelled VIAMMIRUVU.
   501 | D:1      | 501 ||| FLEEEEING.
   679 | D:1      | Reached XP level 3. HP: 28/29 MP: 3/3
  1026 | D:1      | 1026 ||| UPGRADING to +0 ring mail.
  1036 | D:1      | 1036 ||| DROPPING +0 robe.
  1037 | D:1      | 1037 ||| READING scroll labelled BUOMNA KUEP.
  1038 | D:1      | 1038 ||| READING scroll labelled ZUBEWOMM BULI.
  1039 | D:1      | 1039 ||| DROPPING scroll of poison.
  1204 | D:2      | HP: 4/29 [worm (5)]
  1208 | D:2      | Reached skill level 4 in Ranged Weapons
  1446 | D:2      | Reached skill level 1 in Armour
  1457 | D:2      | Found Weff's Antique Armour Boutique.
  1466 | D:2      | 1466 ||| SHOPLISTING pair of boots (139 gold, have 95).
  1466 | D:2      | 1466 ||| SHOPLISTING runed ring mail (217 gold, have 95).
  1466 | D:2      | 1466 ||| SHOPLISTING runed scarf (248 gold, have 95).
  1476 | D:2      | Reached XP level 4. HP: 27/36 MP: 4/4
  1882 | D:2      | 1882 ||| READING scroll labelled NYLOCL TEONECS.
  1883 | D:2      | 1883 ||| READING scroll labelled VYJISTRIUJO.
  1884 | D:2      | 1884 ||| READING scroll labelled HIALER RANORY.
  1885 | D:2      | 1885 ||| READING scroll labelled BIRPHE RETTUUMI.
  1886 | D:2      | 1886 ||| READING scroll labelled POUFAUDEWEX.
  1887 | D:2      | 1887 ||| READING scroll labelled MOEBLE SUIST.
  2224 | D:3      | Found a broken altar of Ashenzari.
  2353 | D:3      | HP: 5/36 [gnoll/+4 heavy spear (5)]
  2355 | D:3      | HP: 2/36 [gnoll/+0 halberd (2)]
  2356 | D:3      | Slain by a gnoll

Levels and vault maps discovered:
D:1:      dpeg_arrival_signposts, layout_loops_corners, serial_glass,
          glass_columns_a, glass_columns_a, amethyst_killhole,
          minmay_pentomino_s4
D:2:      minmay_recursive_quarters, layout_basic, serial_shops,
          nicolae_shop_temple_entry_statues_fountains, nicolae_wormholes
D:3:      layout_loops_ring, nicolae_ashenzari_skybound

Skill      XL: |  1  2  3 |
---------------+----------+-----
Ranged Weapons | 3 4 |  4.9
Fighting       | 2 |  2.0
Armour         | 1 |  1.5
Dodging        | |  2.1
Spellcasting   | |  1.0
Hexes          | |  2.0

Action                     |  1- 3 |  4- 6 || total
---------------------------+-------+-------++-------
   Fire: Sling             |   132 |    56 ||   188
    Use: Scroll            |     4 |     6 ||    10
 Armour: Robe              |     3 |       ||     3
         Ring mail         |    10 |     3 ||    13
  Dodge: Dodged            |    42 |    11 ||    53

Table legend:
 A = Non-vault XP
 B = Vault XP
 C = Vault XP percentage of total XP
 D = Non-vault monster count
 E = Vault monster count
 F = Vault count percentage of total count
                 A         B        C        D         E       F
            +---------+---------+-------+---------+---------+-------
      Total |     141 |      21 |  13.0 |      51 |      11 |  17.7
            +---------+---------+-------+---------+---------+-------
        D:1 |      43 |       5 |  10.4 |      27 |       3 |  10.0
        D:2 |      50 |      16 |  24.2 |      12 |       8 |  40.0
        D:3 |      48 |       0 |   0.0 |      12 |       0 |   0.0
            +---------+---------+-------+---------+---------+-------
